 Dungeon Crawl Stone Soup version 0.31-a0-977-gc230f8ef24 (webtiles) character file.

Game seed: 1748239584855440475

1577491 Flugkiller the Ruinous (level 27, 214/214 HPs)
             Began as a Human Air Elementalist on Oct 29, 2023.
             Was a High Priest of Sif Muna.
             Escaped with the Orb
             ... and 3 runes on Oct 30, 2023!
             The game lasted 02:46:04 (75363 turns).

Flugkiller the Ruinous (Human Air Elementalist)    Turns: 75363, Time: 02:46:05

Health: 214/214    AC: 26    Str: 15    XL:     27
Magic:  59/59      EV: 16    Int: 29    God:    Sif Muna [*****.]
Gold:   1125       SH: 17    Dex: 14    Spells: 0/54 levels left

rFire   + + +        k - staff of fire
rCold   + + .        v - +5 Storm Queen's Shield {shock, Fly rElec}
rNeg    . . .        I - +4 faerie dragon scales {rCorr MP+9 Slay+2}
rPois   .            B - +2 helmet "Wyotoo" {rElec rF+ Str+5}
rElec   +            T - +1 cloak of Ciyrch {rF+}
rCorr   +            U - +2 pair of gloves
SInv    +            W - +2 pair of boots "Ygay" {rF+ rCorr}
Will    +++..        E - amulet of Vitality {RegenMP++ Regen++}
Stlth   +            Q - ring "Gaum Niph" {Contam rF+ rC++ SInv}
HPRegen 2.15/turn    y - ring "Fiekh" {Will+ MP+9 Int+5 Dex-2}
MPRegen 1.16/turn

%: no passive effects
@: flying, studying Staves
A: dopey 1, screaming 1
0: Orb of Zot
}: 3/15 runes: decaying, silver, gossamer
a: Renounce Religion, Channel Magic, Forget Spell, Divine Exegesis


You escaped.
You worshipped Sif Muna.
Sif Muna was extremely pleased with you.
You visited 10 branches of the dungeon, and saw 48 of its levels.
You also visited: Bailey, Gauntlet and Ice Cave.

You collected 9135 gold pieces.
You spent 8010 gold pieces at shops.

Inventory:

Missiles
 o - a throwing net
 G - 9 curare-tipped darts (quivered)
Armour
 v - the +5 Storm Queen's Shield (worn) {shock, Fly rElec}
   (You bought it in a shop on level 2 of the Vaults)

   Shock:     When it blocks an attack, it may electrocute the attacker.
   This works even against foes who are a short distance away.
   rElec:     It insulates you from electricity.
   Fly:       It grants you flight.
 B - the +2 helmet "Wyotoo" (worn) {rElec rF+ Str+5}
   (You acquired it on level 5 of the Vaults)

   Str+5:     It affects your strength (+5).
   rF+:       It protects you from fire.
   rElec:     It insulates you from electricity.
 I - the +4 faerie dragon scales (worn) {rCorr MP+9 Slay+2}
   (You took it off the Enchantress on level 3 of the Depths)

   Slay+2:    It affects your accuracy & damage with ranged weapons and melee
   (+2).
   MP+9:      It affects your magic capacity (+9).
   rCorr:     It protects you from acid and corrosion.
 T - the +1 cloak of Ciyrch (worn) {rF+}
   (You found it on level 3 of the Elven Halls)

   rF+:       It protects you from fire.
 U - a +2 pair of gloves (worn)
   (You found it on level 1 of the Lair of Beasts)
 W - the +2 pair of boots "Ygay" (worn) {rF+ rCorr}
   (You found it in a Gauntlet)

   rF+:       It protects you from fire.
   rCorr:     It protects you from acid and corrosion.
Magical Staves
 k - a staff of fire (weapon)
   (You found it in a bailey)
Jewellery
 f - an amulet of reflection
   (You found it on level 4 of the Realm of Zot)
 m - the ring "Idounac" {rPois rF+ rN+ Int+2}
   (You found it on level 5 of the Lair of Beasts)

   [ring of protection from fire]

   Int+2:     It affects your intelligence (+2).
   rF+:       It protects you from fire.
   rPois:     It protects you from poison rN+: It protects you from negative
   energy.
 p - a +4 ring of protection
   (You found it on level 1 of the Lair of Beasts)
 y - the ring "Fiekh" (right hand) {Will+ MP+9 Int+5 Dex-2}
   (You acquired it in a bailey)

   [ring of willpower]

   Int+5:     It affects your intelligence (+5).
   Dex-2:     It affects your dexterity (-2).
   Will+:     It increases your willpower.
   MP+9:      It affects your magic capacity (+9).
 E - the amulet of Vitality (around neck) {RegenMP++ Regen++}
   (You bought it in a shop on level 2 of the Orcish Mines)

   [amulet of magic regeneration]

   RegenMP:   It increases your rate of magic regeneration.
   Regen++:   It increases your rate of health regeneration.
 Q - the ring "Gaum Niph" (left hand) {Contam rF+ rC++ SInv}
   (You took it off a deep elf elementalist on level 3 of the Elven Halls)

   [ring of see invisible]

   rF+:       It protects you from fire.
   rC++:      It greatly protects you from cold.
   SInv:      It lets you see invisible.
   Contam:    It causes magical contamination when unequipped.
Wands
 c - a wand of digging (6)
   (You found it on level 12 of the Dungeon)
 A - a wand of roots (66)
   (You found it on level 4 of the Dungeon)
 F - a wand of light (46)
   (You found it on level 7 of the Dungeon)
 N - a wand of mindburst (26)
   (You found it on level 2 of the Lair of Beasts)
 X - a wand of charming (33)
   (You found it on level 3 of the Lair of Beasts)
Scrolls
 a - 12 scrolls of poison
 i - 3 scrolls of revelation
 t - 15 scrolls of teleportation
 x - 7 scrolls of amnesia
 z - 3 scrolls of vulnerability
 D - 7 scrolls of immolation
 K - 4 scrolls of fog
 P - 2 scrolls of summoning
 Z - 8 scrolls of fear
Potions
 b - 6 potions of magic
 d - 5 potions of might
 g - 7 potions of enlightenment
 h - 4 potions of haste
 j - 7 potions of attraction
 l - 10 potions of ambrosia
 n - 5 potions of resistance
 q - 10 potions of curing
 s - 9 potions of mutation
 u - 8 potions of brilliance
 w - 4 potions of heal wounds
 C - 8 potions of cancellation
 M - 4 potions of invisibility
 S - 12 potions of lignification
Miscellaneous
 e - a lightning rod (4/4)
   (You found it on level 1 of the Vaults)
 r - a phantom mirror
   (You found it on level 5 of the Vaults)
 O - a sack of spiders
   (You found it on level 4 of the Spider Nest)
 Y - a tin of tremorstones (2/2)
   (You found it on level 4 of the Lair of Beasts)


   Skills:
 - Level 17.0 Fighting
 - Level 4.0 Polearms
 - Level 11.0 Armour
 - Level 12.0 Dodging
 - Level 2.0 Stealth
 - Level 12.0 Shields
 - Level 14.0 Spellcasting
 + Level 22.4 Conjurations
 - Level 17.0 Fire Magic
 - Level 6.0 Ice Magic
 + Level 22.4 Air Magic
 - Level 12.0 Invocations
 - Level 8.0 Evocations


You couldn't memorise any spells.
You knew the following spells:

 Your Spells              Type           Power      Damage    Failure   Level
a - Chain Lightning       Conj/Air       50%        3d66      56%         9
b - Freezing Cloud        Conj/Ice/Air   43%        6-21      1%          5
c - Airstrike             Air            50%        2d(8-24)  0%          4
d - Summon Lightning Spi  Summ/Air       71%        N/A       1%          4
e - Ozocubu's Armour      Ice            53%        N/A       1%          3
f - Arcjolt               Conj/Air       50%        1d60      1%          5
g - Maxwell's Capacitive  Air            50%        ∞         4%          8
h - Plasma Beam           Fire/Air       58%        2x1d73    1%          6
i - Orb of Destruction    Conj           50%        9d13      1%          7
w - Swiftness             Air            100%       N/A       0%          3

Your spell library contained the following spells:

 Spells                   Type           Power      Damage    Failure   Level
 Foxfire                  Conj/Fire      100%       2x1d9     0%          1
 Magic Dart               Conj           100%       1d8       0%          1
 Shock                    Conj/Air       100%       1d9       0%          1
 Scorch                   Fire           100%       2d9       0%          2
 Searing Ray              Conj           100%       2d8       0%          2
 Static Discharge         Conj/Air       100%       3-8/arc   0%          2
 Freeze                   Ice            100%       1d10      1%          1
 Kiss of Death            Conj/Necr      100%       2d13      1%          1
 Cigotuvi's Dreadful Rot  Necr/Pois/Air  100%       N/A       1%          2
 Momentum Strike          Conj/Tloc      100%       3d10      1%          2
 Poisonous Vapours        Pois/Air       100%       N/A       1%          2
 Dazzling Flash           Conj/Hex       100%       N/A       1%          3
 Frozen Ramparts          Ice            100%       1d16      1%          3
 Hailstorm                Conj/Ice       80%        3d16      1%          3
 Ignite Poison            Fire/Tmut/Pois 68%        N/A       1%          3
 Inner Flame              Hex/Fire       81%        N/A       1%          3
 Mephitic Cloud           Conj/Pois/Air  82%        N/A       1%          3
 Stone Arrow              Conj/Erth      100%       3d13      1%          3
 Volatile Blastmotes      Fire/Tloc      100%       2d18      1%          3
 Brom's Barrelling Bould  Conj/Erth      71%        2d8       1%          4
 Flame Wave               Conj/Fire      100%       2d21      1%          4
 Fulminant Prism          Conj/Hex       35%        3d18      1%          4
 Iskenderun's Mystic Bla  Conj/Tloc      71%        2d14      1%          4
 Sticky Flame             Conj/Fire      100%       2d11      1%          4
 Vhi's Electric Charge    Tloc/Air       100%       N/A       1%          4
 Fireball                 Conj/Fire      58%        3d22      1%          5
 Irradiate                Conj/Tmut      35%        3d23      1%          5
 Iskenderun's Battlesphe  Conj           100%       2d15      1%          5
 Silence                  Hex/Air        35%        N/A       1%          5
 Conjure Ball Lightning   Conj/Air       50%        3x3d17    1%          6
 Starburst                Conj/Fire      58%        6d15      1%          6
 Ensorcelled Hibernation  Hex/Ice        74%        N/A       2%          2
 Apportation              Tloc           40%        N/A       6%          1
 Necrotise                Necr           80%        1d8       6%          1
 Sandblast                Erth           40%        2d10      6%          1
 Slow                     Hex            80%        N/A       6%          1
 Sting                    Tmut/Pois      80%        1d7       6%          1
 Summon Small Mammal      Summ           80%        N/A       6%          1
 Blink                    Tloc           40%        N/A       10%         2
 Call Imp                 Summ           40%        N/A       10%         2
 Jinxbite                 Hex            40%        N/A       10%         2
 Lesser Beckoning         Tloc           40%        N/A       10%         2
 Passwall                 Tmut/Erth      16%        N/A       10%         2
 Sublimation of Blood     Necr           20%        N/A       10%         2
 Wereblood                Tmut           20%        N/A       10%         2
 Bombard                  Conj/Erth      35%        9d6       10%         6
 Call Canine Familiar     Summ           20%        N/A       19%         3
 Confusing Touch          Hex            20%        N/A       19%         3
 Gell's Gravitas          Tloc           20%        N/A       19%         3
 Sigil of Binding         Hex            20%        N/A       19%         3
 Summon Guardian Golem    Hex/Summ       20%        N/A       19%         3
 Teleport Other           Tloc           20%        N/A       19%         3
 Tukima's Dance           Hex            20%        N/A       19%         3
 Vampiric Draining        Necr           20%        2d7       19%         3
 Summon Ice Beast         Ice/Summ       37%        N/A       19%         4
 Ignition                 Fire           54%        3d15      36%         8
 Metabolic Englaciation   Hex/Ice        18%        N/A       45%         5
 Spellforged Servitor     Conj/Summ      35%        N/A       50%         7
 Anguish                  Hex/Necr       10%        N/A       54%         4
 Animate Armour           Summ/Erth      40%        N/A       54%         4
 Animate Dead             Necr           20%        N/A       54%         4
 Cause Fear               Hex            10%        N/A       54%         4
 Dimensional Bullseye     Hex/Tloc       10%        N/A       54%         4
 Dispel Undead            Necr           20%        3d11      54%         4
 Leda's Liquefaction      Hex/Erth       10%        N/A       54%         4
 Manifold Assault         Tloc           20%        N/A       54%         4
 Olgreb's Toxic Radiance  Pois           20%        N/A       54%         4
 Passage of Golubria      Tloc           20%        N/A       54%         4
 Petrify                  Tmut/Erth      20%        N/A       54%         4
 Agony                    Necr           20%        N/A       87%         5
 Alistair's Intoxication  Tmut/Pois      13%        N/A       87%         5
 Borgnjor's Vile Clutch   Necr/Erth      10%        N/A       87%         5
 Lee's Rapid Deconstruct  Erth           10%        3d8*      87%         5
 Summon Forest            Summ/Tloc      10%        N/A       87%         5
 Yara's Violent Unravell  Hex/Tmut       10%        3d6       87%         5
 Fire Storm               Conj/Fire      58%        8d15      90%         9
 Simulacrum               Ice/Necr       18%        N/A       96%         6
 Ozocubu's Refrigeration  Ice            26%        4d13      99%         7
 Lehudib's Crystal Spear  Conj/Erth      35%        10d9      99%         8
 Death Channel            Necr           10%        N/A       100%        6
 Dispersal                Tloc           10%        N/A       100%        6
 Eringya's Noxious Bog    Tmut/Pois      10%        4d6       100%        6
 Enfeeble                 Hex            10%        N/A       100%        7
 Haunt                    Necr/Summ      10%        N/A       100%        7
 Malign Gateway           Summ/Tloc      10%        N/A       100%        7
 Summon Hydra             Summ           10%        N/A       100%        7
 Discord                  Hex            10%        N/A       100%        8
 Disjunction              Tloc           10%        N/A       100%        8
 Infestation              Necr           10%        N/A       100%        8
 Summon Horrible Things   Summ           10%        N/A       100%        8
 Death's Door             Necr           10%        N/A       100%        9
 Dragon's Call            Summ           10%        N/A       100%        9
 Polar Vortex             Ice            26%        12d3*     100%        9
 Shatter                  Erth           10%        3d11*     100%        9


Dungeon Overview and Level Annotations

Branches:
Dungeon (15/15)            Temple (1/1) D:4            Lair (5/5) D:10
  Swamp (4/4) Lair:2       Spider (4/4) Lair:3        Slime (0/5) Lair:5
    Orc (2/2) D:12            Elf (3/3) Orc:2        Vaults (5/5) D:14
  Crypt (0/3) Vaults:3     Depths (4/4) D:15            Zot (5/5) Depths:4
 Bailey (visited)           IceCv (visited)         Gauntlet (visited)

Altars:
Ashenzari
Cheibriados
Dithmenos
Elyvilon
Fedhas
Gozag
Hepliaklqana
Kikubaaqudgha
Makhleb
Nemelex Xobeh
Okawaru
Qazlal
Ru
Sif Muna
Trog
Uskayaw
Vehumet
Wu Jian
Xom
Yredelemnul
Zin
The Shining One

Shops:
D:6 (   D:13 (   Orc:2 ((:=   Vaults:1 !*::*   Vaults:2 *[[(   Vaults:3 *!:
Vaults:5 *   Depths:4 =(([

Portals:
Hell: Depths:1 Depths:2 Depths:3 Depths:4
Abyss: Depths:3 Depths:4
Pandemonium: Depths:2 Depths:4
Ziggurat: Depths:1

Annotations:
D:4 1 runed translucent door, Crazy Yiuf
D:5 Blork the orc, Grinder
D:8 1 runed translucent door, Turgor's ghost, novice DrSh
D:11 exclusion: 3 skeletal warriors
Temple 4 transporters
Lair:2 suckswine's ghost, journeyman GnWn
Lair:5 1 runed translucent door
Elf:2 6 runed translucent doors, Armakuni's ghost, adept HuRe; Begul's ghost, adept GrEE; Lobisch Ygad's ghost, adept CeHu; Nebesus's ghost, adept MiBe; Qyvoanyo's ghost, adept DEFE
Zot:1 exclusion: door
Zot:4 3 runed translucent doors, Fush's ghost, veteran DgGl


Innate Abilities, Weirdness & Mutations

You are dopey. (Int -2)
You occasionally shout uncontrollably at your foes.


Message History

The hellwing hits you but does no damage.
You see here a +0 club.
You block the hellwing's attack. The hellwing hits you.
Ceettouss gestures.
There is a stone staircase leading up, spattered with blood here.
Ceettouss gestures at you.
You easily resist.
You fly upwards.
There is a stone staircase leading down, spattered with blood here.
What level of the Dungeon? (default 1, ? - help)
There is a stone staircase leading up, spattered with blood here.
You fly upwards.
Level annotation: 1 runed translucent door, Turgor's ghost, novice DrSh
There is a stone staircase leading down here.
There is an open door here.
You yell at the sun demon!
A balrug and a sun demon come into view.
The balrug is wielding a +0 demon whip of venom.
The balrug shouts!
The sun demon shouts!
A sun demon comes into view.
There is a stone staircase leading up here.
You fly upwards.
There is a stone staircase leading down here.
Magic restored.
Your extra speed is starting to run out.
You feel yourself slow down.
You see here a +0 halberd.
You see here a +0 giant club. 4 golden eyes come into view.
The golden eye turns its gaze towards you. x4
Unknown command.
The golden eye blinks at you. You resist with almost no effort.
The golden eye blinks at you. You resist with almost no effort.
Casting: Orb of Destruction (mildly dangerous; 1% risk of failure)
Confirm with . or Enter, or press ? or * to list all spells.
Electricity surges outward!
The golden eye is struck by an electric surge!!
You kill the golden eye!
Sif Muna accepts your kill.
The golden eye is struck by an electric surge!!!
You kill the golden eye!
Sif Muna accepts your kill.
The golden eye is struck by an electric surge!!!
You kill the golden eye!
Sif Muna accepts your kill. The golden eye blinks at you.
You resist with almost no effort.
Casting: Arcjolt (safe; 1% risk of failure)
Confirm with . or Enter, or press ? or * to list all spells.
Electricity surges outward!
The golden eye is struck by an electric surge!
You kill the golden eye!
Sif Muna accepts your kill.
An Ugguu, a sun demon and a Hell Sentinel come into view.
Press: ? - help, v - describe, . - travel
Here: Ugguu The floor.
Unknown command.
Ugguu moves out of view.
The sun demon moves out of view.
Unknown command.
You feel yourself speed up.
Unknown command.
There is a stone staircase leading up here.
You fly upwards.
There is a stone staircase leading down here.
What level of the Dungeon? (default 1, ? - help)
There is a stone staircase leading up here.
You fly upwards.
Level annotation: Blork the orc, Grinder
There is a stone staircase leading down here.
There is a stone staircase leading up here.
You fly upwards.
Level annotation: 1 runed translucent door, Crazy Yiuf
There is a stone staircase leading down here.
Your extra speed is starting to run out.
You feel yourself slow down.
A soul eater comes into view.
There is a stone staircase leading up here.
Casting: Arcjolt (safe; 1% risk of failure)
Confirm with . or Enter, or press ? or * to list all spells.
You feel a surge of power!
The bolt of lightning hits the soul eater!!!
The soul eater is severely wounded.
The fiery plasma hits the soul eater!!!
You kill the soul eater!
Sif Muna accepts your kill.
You fly upwards.
There is a stone staircase leading down here.
Magic restored.
There is a stone staircase leading up here.
You fly upwards.
There is a stone staircase leading down here.
There is a stone staircase leading up here.
You fly upwards.
There is a stone staircase leading down here.
There is a staircase leading out of the dungeon here.
Enter note: gg You have escaped!

#÷.## #)#...##
#...####.#..###
#.............#
###..≈≈≈≈≈≈≈≈≈≈.#
##....≈........≈.#
######..≈≈.≈.≈≈.....≈.#
........≈..≈>.≈.....≈.#
#######.≈..≈≈.≈.≈≈..≈.#####
# #...≈.....≈.@≈..≈.#...# #
#.#.≈.....≈≈.≈.≈≈...#.# #
##...≈........≈....#...#
####....≈≈≈≈≈≈≈≈≈≈..####.##
....................# #.#
####...##...#.......# #.#
##.####..#.#..####
#.####### #.......#....#
#.......# ######..###..#
#######.#


There were no monsters in sight!

Vanquished Creatures
  4 dread liches (Zot:5)
  7 orbs of fire
  6 ancient liches
  Mennas (Depths:3)
  Parghit (Depths:3)
  4 Killer Klowns
  A shard shrike (IceCv)
  2 curse toes (Zot:5)
  4 golden dragons
  the Enchantress (Depths:3)
  A bone dragon (Swamp:4)
  2 electric golems (Zot:5)
  A walking crystal tome (Depths:3)
  An Ice Fiend (Zot:5)
  11 tentacled monstrosities
  A hellephant (D:14)
  A Hell Sentinel (D:10)
  4 liches
  2 deep elf master archers (Elf:3)
  2 deep elf blademasters (Elf:3)
  A walking frostbound tome (Depths:3)
  27 Orb Guardians
  6 titans (Vaults:5)
  2 quicksilver dragons
  A walking divine tome (Depths:4)
  An Executioner (Depths:4)
  7 sphinxes
  5 death cobs
  An ancient champion (Vaults:3)
  11 shadow dragons
  7 tengu reavers
  10 storm dragons
  Kirke (Lair:5)
  7 draconian monks
  9 frost giants
  8 fire giants
  A daeva (Depths:2)
  A demonspawn warmonger (D:10)
  An emperor scorpion (shapeshifter) (Vaults:5)
  5 emperor scorpions
  4 iron dragons (Vaults:5)
  7 deep elf elementalists (Elf:3)
  6 draconian knights
  5 deep elf sorcerers
  9 draconian scorchers
  21 vault wardens
  23 ironbound preservers
  2 orc warlords
  8 ghost moths
  An iron dragon (shapeshifter) (Vaults:5)
  3 draconian stormcallers
  A balrug (Depths:1)
  An angel (Depths:2)
  4 spriggan defenders
  4 draconian annihilators
  7 draconian shifters
  A ghoul (Vaults:3)
  3 formless jellyfish
  A reaper (D:10)
  14 very ugly things
  7 ironbound thunderhulks
  5 war gargoyles
  8 dire elephants
  24 stone giants
  11 green draconians
  4 deep elf demonologists
  A minotaur (Gauntlet)
  12 white draconians
  16 yellow draconians
  A minotaur (shapeshifter) (Vaults:5)
  13 purple draconians
  8 black draconians
  2 eleionomae
  8 red draconians
  6 deep elf annihilators
  7 spark wasps
  4 bunyips
  12 ettins
  A green death (Depths:4)
  9 deep elf death magi
  A merfolk impaler (Depths:2)
  4 entropy weavers
  9 yaktaur captains
  Josephine (D:13)
  5 deep elf high priests
  7 great orbs of eyes
  34 vault guards
  21 hydras
  6 fire dragons
  3 ice dragons
  13 ironbound frosthearts
  A peacekeeper (Vaults:4)
  4 spriggan air magi
  Erica (Orc:1)
  An ogre mage (Vaults:5)
  A jorogumo (Spider:4)
  A radroach (Spider:1)
  5 alligators
  7 ghost crabs
  11 centaur warriors
  5 boulder beetles
  21 dancing weapons
  An anaconda (shapeshifter) (Vaults:5)
  5 two-headed ogres
  2 death scarabs (Gauntlet)
  2 deep troll shamans
  8 tengu warriors
  3 death yaks (Lair:5)
  4 demonic crawlers
  8 deep troll earth magi
  4 orc high priests (Orc:2)
  9 spriggan berserkers
  A vampire mage (Vaults:3)
  An occultist (Depths:3)
  A soul eater (D:4)
  11 deep elf knights
  6 hell knights (Depths:3)
  A sphinx skeleton (Depths:1)
  5 skysharks
  6 iron trolls
  8 pharaoh ants
  A goliath frog (Swamp:2)
  4 spectral hydras
  3 flayed ghosts
  3 spriggan druids
  A shadow demon (Depths:4)
  53 deep trolls
  6 bog bodies
  3 death drakes
  13 orb spiders
  7 phantasmal warriors
  5 glowing orange brains
  An orb spider (shapeshifter) (Vaults:5)
  4 arcanists
  13 deep elf archers
  A swamp dragon (Spider:3)
  4 necromancers
  9 ironbound convokers
  12 orc knights
  26 deep elf zephyrmancers
  6 steelbarb worms
  3 alligator zombies (Swamp:4)
  5 orc sorcerers (Orc:2)
  31 deep elf pyromancers
  22 lindwurms
  A tengu skeleton (Vaults:2)
  8 cyclopes
  8 large abominations (Depths:3)
  25 wolf spiders
  8 elephants
  24 moths of wrath
  A frost giant zombie (Depths:1)
  A will-o-the-wisp (Swamp:2)
  A stone giant skeleton (Depths:1)
  2 human zombies (Vaults:2)
  Maurice (D:10)
  36 ugly things
  4 black mambas
  A guardian serpent (shapeshifter) (Vaults:5)
  3 smoke demons
  2 gargoyles
  21 vault sentinels
  12 torpor snails
  3 unseen horrors
  12 cane toads
  Jeremiah (D:7)
  A cane toad (shapeshifter) (D:15)
  26 rime drakes
  8 komodo dragons
  A torpor snail (shapeshifter) (Vaults:5)
  A yaktaur zombie (Vaults:2)
  5 swamp worm zombies (Swamp:4)
  3 efreet
  A freezing wraith (D:14)
  20 yaktaurs
  2 tengu conjurers
  4 hydra zombies (Swamp:4)
  10 trolls
  4 bloated husks
  14 tyrant leeches
  13 polar bears
  14 hornets
  4 spectral swamp dragons (Swamp:4)
  32 tarantellas
  A raiju (Spider:2)
  20 dream sheep
  26 blink frogs
  2 vampires
  26 slime creatures
  3 shadows
  4 wraiths (D:13)
  An air elemental (Elf:2)
  30 jumping spiders
  14 water elementals
  28 culicivoras
  A ynoxinul (Depths:3)
  8 spriggans
  A spectral black mamba (Gauntlet)
  4 wyverns
  62 yaks
  7 hogs (Lair:5)
  A spriggan simulacrum (Depths:1)
  4 golden eyes (D:7)
  3 fire elementals
  42 redbacks
  5 basilisks
  A steam dragon (D:8)
  3 chaos spawn
  11 vampire mosquitoes
  20 swamp worms
  A glowing shapeshifter zombie (Vaults:2)
  A swamp worm (shapeshifter) (Depths:3)
  An acid dragon (D:12)
  5 wargs
  A spectral cane toad (Gauntlet)
  4 hell hounds (D:15)
  25 water moccasins
  56 orc warriors
  A glowing shapeshifter skeleton (Depths:1)
  2 swamp drakes
  2 ice beasts
  14 ogres
  3 swamp dragon zombies (Swamp:4)
  6 boggarts (Vaults:2)
  6 wolves
  7 centaurs
  4 small abominations (Depths:3)
  4 kobold brigands
  4 phantoms (Swamp:4)
  7 bullfrogs
  2 earth elementals
  3 gnoll sergeants
  2 scorpions (D:7)
  12 wights
  16 killer bees
  A howler monkey (D:8)
  2 electric eels (D:10)
  A crimson imp (D:7)
  A jelly (D:5)
  6 gnoll boudas
  4 hounds
  30 orc priests
  2 sleepcaps
  2 iguanas
  16 orc wizards
  A spectral swamp drake (Swamp:4)
  4 hell rats (Lair:5)
  29 gnolls
  9 adders
  A shadow imp (D:8)
  3 white imps
  2 ufetubi (D:6)
  2 worms
  5 dart slugs
  135 orcs
  6 bats
  4 endoplasms
  2 giant cockroaches (D:4)
  14 goblins
  6 hobgoblins
  18 jackals
  28 kobolds
  2 quokkas
  3 ball pythons
  2 frilled lizards (D:1)
  8 rats
2141 creatures vanquished.

Vanquished Creatures (collateral kills)
  A boulder beetle (D:11)
  A skyshark (Lair:4)
  4 elephants (Lair:3)
  2 torpor snails (Lair:3)
  3 cane toads
  A rime drake (Lair:3)
  A komodo dragon (Lair:3)
  A meliai (Lair:3)
  6 blink frogs
  14 yaks
  A water moccasin (Lair:3)
  4 wolves (Lair:1)
  A bullfrog (Lair:3)
  2 kobolds (D:11)
42 creatures vanquished.

Vanquished Creatures (others)
  A golden dragon (Zot:3)
  A fenstrider witch (Swamp:4)
  A deep elf annihilator (Elf:3)
  A deep elf knight (Elf:1)
  A deep elf zephyrmancer (Elf:3)
  3 bloated husks
  A swamp drake (Swamp:4)
  A phantom (Swamp:4)
10 creatures vanquished.

Grand Total: 2193 creatures vanquished

Notes
Turn   | Place    | Note
-------+----------+-------------------------------------------
     0 | D:1      | Flugkiller the Human Air Elementalist began the quest for
                  | the Orb.
     0 | D:1      | Reached XP level 1. HP: 13/13 MP: 3/3
   184 | D:1      | Reached XP level 2. HP: 16/19 MP: 1/5
   244 | D:1      | Found a faded altar of an unknown god.
   253 | D:1      | Got Plato's Omnibus of the Blaze
   358 | D:1      | Reached skill level 1 in Fighting
   427 | D:1      | Reached XP level 3. HP: 26/26 MP: 4/6
   888 | D:1      | Learned a level 3 spell: Swiftness
  1219 | D:2      | Reached XP level 4. HP: 32/32 MP: 5/7
  2005 | D:3      | Learned a level 4 spell: Airstrike
  2496 | D:3      | Reached XP level 5. HP: 37/37 MP: 6/9
  3320 | D:4      | Found a radiant altar of Vehumet.
  3350 | D:4      | Reached skill level 5 in Air Magic
  3603 | D:4      | Reached XP level 6. HP: 43/43 MP: 6/10
  3864 | D:4      | Found a staircase to the Ecumenical Temple.
  3877 | Temple   | Found a transporter.
  3877 | Temple   | Found a transporter.
  3877 | Temple   | Found a transporter.
  3877 | Temple   | Found a transporter.
  3877 | Temple   | Entered the Ecumenical Temple
  3899 | Temple   | Became a worshipper of Sif Muna the Loreminder
  4132 | D:4      | Found a runed translucent door.
  4133 | D:4      | Noticed Crazy Yiuf
  4649 | D:4      | Found a radiant altar of Vehumet.
  4903 | D:5      | Entered Level 5 of the Dungeon
  4999 | D:5      | Found a burning altar of Makhleb.
  5002 | D:5      | Found a broken altar of Ashenzari.
  5004 | D:5      | Found a bloodstained altar of Trog.
  5005 | D:5      | Found a blossoming altar of Fedhas.
  5081 | D:5      | Noticed a yak
  5081 | D:5      | Noticed a yak
  5081 | D:5      | Noticed a yak
  5094 | D:5      | Noticed a yak
  5099 | D:5      | Killed a yak
  5100 | D:5      | Reached XP level 7. HP: 48/48 MP: 3/11
  5101 | D:5      | Killed a yak
  5104 | D:5      | Killed a yak
  5105 | D:5      | Reached skill level 1 in Evocations
  5123 | D:5      | Killed a yak
  5124 | D:5      | Reached XP level 8. HP: 18/56 MP: 1/14
  5409 | D:5      | Noticed Blork the orc
  5409 | D:5      | Noticed Grinder
  6021 | D:4      | Found a staircase to the Ecumenical Temple.
  7035 | D:6      | Reached skill level 5 in Spellcasting
  7049 | D:6      | Learned a level 5 spell: Freezing Cloud
  7534 | D:6      | Reached skill level 1 in Ice Magic
  7864 | D:6      | Found Yppol's Antique Weapon Emporium.
  7872 | D:6      | Bought a translucent spear for 168 gold pieces
  7872 | D:6      | Identified the +6 spear of Uvotru {antimagic, Will+ Str+2
                  | Dex-2} (You bought it in a shop on level 6 of the Dungeon)
  8183 | D:7      | Reached XP level 9. HP: 61/61 MP: 10/16
  8367 | D:7      | Reached * piety under Sif Muna
  8527 | D:7      | Noticed Jeremiah
  9189 | D:7      | Killed Jeremiah
 10044 | D:8      | Found a flagged portal.
 10091 | Bailey   | Entered a bailey
 10118 | Bailey   | Noticed an orc warlord
 10128 | Bailey   | Reached ** piety under Sif Muna
 10388 | Bailey   | Noticed an orc knight
 10412 | Bailey   | Killed an orc knight
 10413 | Bailey   | Reached skill level 5 in Conjurations
 10413 | Bailey   | Reached skill level 5 in Ice Magic
 10413 | Bailey   | Reached XP level 10. HP: 67/67 MP: 3/19
 10586 | Bailey   | Found a runed translucent gate.
 10589 | Bailey   | Found a runed translucent gate.
 10590 | Bailey   | Found a runed translucent gate.
 10750 | Bailey   | Acquired the ring "Fiekh" {Will+ MP+9 Int+5 Dex-2}
 10826 | Bailey   | Killed an orc warlord
 10935 | D:8      | Identified the "Tyokuos" (You acquired it on level 8 of
                  | the Dungeon)
 10935 | D:8      | Acquired the Tome of Ceraunoscopy
 10943 | D:8      | Found a runed translucent door.
 10952 | D:8      | Noticed Turgor's ghost (novice DrSh)
 10952 | D:8      | Noticed an eight-headed hydra
 11592 | D:8      | Reached *** piety under Sif Muna
 12072 | D:8      | Reached skill level 5 in Invocations
 12439 | D:9      | Identified the "Keaptag"
 12455 | D:8      | Reached XP level 11. HP: 62/77 MP: 7/20
 12577 | D:9      | Reached skill level 5 in Evocations
 12686 | D:9      | Found a sacrificial altar of Ru.
 12927 | D:9      | Found a snail-covered altar of Cheibriados.
 13065 | D:9      | Reached skill level 5 in Dodging
 13382 | D:10     | Entered Level 10 of the Dungeon
 13389 | D:10     | Noticed Maurice
 13403 | D:10     | Killed Maurice
 13403 | D:10     | Reached **** piety under Sif Muna
 13728 | D:10     | Found a staircase to the Lair.
 15001 | D:10     | Reached ***** piety under Sif Muna
 15743 | D:10     | Learned a level 4 spell: Summon Lightning Spire
 15829 | D:11     | Reached skill level 5 in Fighting
 15975 | D:11     | Reached XP level 12. HP: 86/86 MP: 20/24
 16062 | D:11     | Identified the of Kuecliupp (Sif Muna gifted it to you on
                  | level 11 of the Dungeon)
 16062 | D:11     | Received a gift from Sif Muna
 16097 | D:11     | Learned a level 3 spell: Ozocubu's Armour
 16178 | D:11     | Noticed a skeletal warrior
 16178 | D:11     | Noticed a skeletal warrior
 16178 | D:11     | Noticed a skeletal warrior
 16237 | D:11     | Noticed a boulder beetle
 16257 | D:11     | Killed a boulder beetle
 16613 | D:11     | Noticed a boulder beetle
 16625 | D:11     | Killed a boulder beetle
 17057 | Gauntlet | Identified the "Pery"
 17057 | Lair:1   | Entered Level 1 of the Lair of Beasts
 17057 | Lair:1   | Found a shimmering blue altar of Sif Muna.
 17491 | Lair:1   | Reached skill level 10 in Air Magic
 18635 | Lair:2   | Reached XP level 13. HP: 93/93 MP: 22/25
 18661 | Lair:2   | Found a staircase to the Swamp.
 18661 | Lair:2   | Noticed an eleionoma
 18671 | Lair:2   | Killed an eleionoma
 19283 | Lair:2   | Reached skill level 1 in Polearms
 19289 | Lair:2   | Identified the "Urchem" (Sif Muna gifted it to you on
                  | level 2 of the Lair of Beasts)
 19289 | Lair:2   | Received a gift from Sif Muna
 20185 | Lair:2   | Found a runed translucent door.
 20185 | Lair:2   | Noticed suckswine's ghost (journeyman GnWn)
 22455 | Lair:3   | Found a hole to the Spider Nest.
 22728 | Lair:3   | Noticed a seven-headed hydra
 22734 | Lair:3   | Killed a seven-headed hydra
 23039 | Lair:3   | Reached XP level 14. HP: 109/109 MP: 11/26
 23049 | Lair:3   | Reached skill level 10 in Fighting
 23289 | Lair:3   | Found a snail-covered altar of Cheibriados.
 24176 | Lair:3   | Identified the "Utycs" (Sif Muna gifted it to you on level
                  | 3 of the Lair of Beasts)
 24176 | Lair:3   | Received a gift from Sif Muna
 24331 | Lair:3   | Learned a level 5 spell: Arcjolt
 24814 | Lair:4   | Identified the +7 longbow of Dyetzeatz {drain, Str+3}
 25821 | Lair:5   | Entered Level 5 of the Lair of Beasts
 26646 | Lair:5   | Noticed Kirke
 26655 | Lair:5   | Reached XP level 15. HP: 115/115 MP: 28/28
 26660 | Lair:5   | Killed Kirke
 26661 | Lair:5   | Reached skill level 15 in Air Magic
 27171 | Lair:5   | Found a runed translucent door.
 27688 | Lair:5   | Found a runed translucent door.
 27689 | Lair:5   | Found a staircase to the Slime Pits.
 27689 | Lair:5   | Noticed an azure jelly
 27782 | Lair:5   | Received a gift from Sif Muna
 27892 | Lair:5   | Learned a level 8 spell: Maxwell's Capacitive Coupling
 28112 | Lair:5   | Reached skill level 10 in Spellcasting
 28893 | Lair:5   | Identified the ring "Idounac" {rPois rF+ rN+ Int+2}
 29000 | Lair:5   | Paralysed by a hornet for 1 turns
 29483 | Lair:5   | Identified the amulet of Noon {Reflect rCorr SH+5}
 29707 | Lair:5   | Reached skill level 10 in Conjurations
 30187 | D:12     | Found a hide-covered altar of Uskayaw.
 30243 | D:12     | Found a gate leading to a gauntlet.
 30254 | Gauntlet | Entered a Gauntlet
 30254 | Gauntlet | Found a transporter.
 30261 | Gauntlet | Found a runed translucent door.
 30263 | Gauntlet | Found a transporter.
 30265 | Gauntlet | Found a runed translucent door.
 30275 | Gauntlet | Found a transporter.
 30279 | Gauntlet | Found a transporter.
 30289 | Gauntlet | Found a transporter.
 30309 | Gauntlet | Found a transporter.
 30312 | Gauntlet | Found a transporter.
 30316 | Gauntlet | Found a transporter.
 30339 | Gauntlet | Found a transporter.
 30347 | Gauntlet | Found a transporter.
 30347 | Gauntlet | Found a transporter.
 30355 | Gauntlet | Found a transporter.
 30514 | Gauntlet | Identified the ring "Otunao" {+Blink rN+ Str+6 Dex+3}
 30680 | Gauntlet | Identified the +2 pair of boots "Ygay" {rF+ rCorr}
 30903 | D:12     | Found a staircase to the Orcish Mines.
 30908 | D:12     | Received a gift from Sif Muna
 32074 | D:13     | Reached XP level 16. HP: 93/122 MP: 30/30
 32122 | D:13     | Noticed Josephine
 32140 | D:13     | Killed Josephine
 32813 | D:13     | Found Lipoi's Weapon Emporium.
 33195 | D:14     | Found a frozen archway.
 33201 | IceCv    | Entered an ice cave
 33229 | IceCv    | Identified the "Xeskas" (Sif Muna gifted it to you in an
                  | ice cave)
 33229 | IceCv    | Received a gift from Sif Muna
 33939 | IceCv    | Identified the +0 scale mail "Badyl" {rPois rF+ rCorr
                  | Dex-5}
 33978 | IceCv    | Reached ****** piety under Sif Muna
 35167 | IceCv    | Noticed a shard shrike
 35173 | IceCv    | Killed a shard shrike
 36848 | D:14     | Found a gate to the Vaults.
 37065 | D:15     | Entered Level 15 of the Dungeon
 37165 | D:15     | Noticed Nessos
 37175 | D:15     | Nessos changed into Nessos the cyclops
 37175 | D:15     | Noticed Nessos
 37215 | D:15     | Killed Nessos the cyclops
 37943 | D:15     | Found an iron altar of Okawaru.
 37991 | D:15     | Reached XP level 17. HP: 128/128 MP: 19/31
 38163 | D:15     | Identified the "Soefyu Kunas" (Sif Muna gifted it to you
                  | on level 15 of the Dungeon)
 38163 | D:15     | Received a gift from Sif Muna
 38620 | D:15     | Found a staircase to the Depths.
 38692 | D:15     | Reached skill level 1 in Shields
 38892 | D:15     | Found an iron altar of Okawaru.
 39463 | Orc:1    | Entered Level 1 of the Orcish Mines
 39651 | Orc:1    | Noticed Erica
 39661 | Orc:1    | Killed Erica
 39871 | Orc:2    | Entered Level 2 of the Orcish Mines
 40565 | Orc:2    | Received a gift from Sif Muna
 40873 | Orc:2    | Found Jiv Cixt's Jewellery Emporium.
 40966 | Orc:2    | Bought the amulet of Vitality {RegenMP++ Regen++} for 1500
                  | gold pieces
 40966 | Orc:2    | Found the amulet of Vitality {RegenMP++ Regen++}
 41027 | Orc:2    | Found Suibbaup's Book Shoppe.
 41409 | Orc:2    | Found a staircase to the Elven Halls.
 41823 | Orc:2    | Found Ogowk's Weapon Emporium.
 41936 | Orc:2    | Found Tifail's Antique Weapon Shop.
 42281 | Swamp:1  | Entered Level 1 of the Swamp
 43183 | Swamp:1  | Reached skill level 10 in Invocations
 43763 | Swamp:3  | Identified the "Piaxkaon"
 43980 | Swamp:3  | Reached XP level 18. HP: 134/138 MP: 20/32
 44351 | Swamp:4  | Entered Level 4 of the Swamp
 44405 | Swamp:4  | Reached skill level 1 in Armour
 44407 | Swamp:4  | Identified the "Dacs" (Sif Muna gifted it to you on level
                  | 4 of the Swamp)
 44407 | Swamp:4  | Received a gift from Sif Muna
 44422 | Swamp:4  | Reached skill level 5 in Shields
 44459 | Swamp:4  | Identified the +3 leather armour of Durable Miracles {rN++
                  | Regen+ Int-4 Stlth+}
 44826 | Swamp:4  | Noticed a bone dragon
 44846 | Swamp:4  | Killed a bone dragon
 45086 | Swamp:4  | Got a decaying rune of Zot
 45323 | Spider:1 | Entered Level 1 of the Spider Nest
 45697 | Spider:1 | Reached skill level 5 in Armour
 46486 | Spider:1 | Learned a level 6 spell: Plasma Beam
 46727 | Spider:2 | Reached skill level 1 in Fire Magic
 46903 | Spider:2 | Identified the "Ymuvit" (Sif Muna gifted it to you on
                  | level 2 of the Spider Nest)
 46903 | Spider:2 | Received a gift from Sif Muna
 47119 | Spider:2 | Reached XP level 19. HP: 136/146 MP: 34/34
 47828 | Spider:2 | Identified the +4 quarterstaff of Anger {heavy, rCorr SInv}
 48344 | Spider:3 | Reached skill level 5 in Fire Magic
 49559 | Spider:4 | Entered Level 4 of the Spider Nest
 49815 | Spider:4 | Identified the "Ekoloru" (Sif Muna gifted it to you on
                  | level 4 of the Spider Nest)
 49815 | Spider:4 | Received a gift from Sif Muna
 50626 | Spider:4 | Reached skill level 10 in Fire Magic
 50988 | Spider:4 | Got a gossamer rune of Zot
 51818 | Depths:3 | Identified the "Vithruram"
 51818 | Elf:1    | Entered Level 1 of the Elven Halls
 52006 | Elf:1    | Reached XP level 20. HP: 151/152 MP: 8/36
 53175 | Elf:2    | Found a runed translucent gate.
 53304 | Elf:2    | Identified the "Caramo" (Sif Muna gifted it to you on
                  | level 2 of the Elven Halls)
 53304 | Elf:2    | Received a gift from Sif Muna
 53622 | Elf:2    | Found a runed translucent gate.
 53623 | Elf:2    | Found a runed translucent gate.
 53623 | Elf:2    | Noticed Begul's ghost (adept GrEE)
 53626 | Elf:2    | Noticed Nebesus's ghost (adept MiBe)
 53626 | Elf:2    | Noticed Lobisch Ygad's ghost (adept CeHu)
 53626 | Elf:2    | Noticed Qyvoanyo's ghost (adept DEFE)
 53626 | Elf:2    | Noticed Armakuni's ghost (adept HuRe)
 53684 | Elf:2    | Found a runed translucent gate.
 53685 | Elf:2    | Found a runed translucent gate.
 53686 | Elf:2    | Found a runed translucent gate.
 54102 | Elf:3    | Identified the "Tabran"
 54102 | Elf:3    | Entered Level 3 of the Elven Halls
 54574 | Elf:3    | Identified the ring "Gaum Niph" {Contam rF+ rC++ SInv}
 54717 | Elf:3    | Identified the ring "Eshran" {rN+ rCorr}
 54718 | Elf:3    | Reached skill level 10 in Dodging
 54750 | Elf:3    | Reached XP level 21. HP: 75/163 MP: 13/38
 54864 | Elf:3    | Identified the +4 flail of the Special Portals {flame,
                  | Dex+6}
 54941 | Elf:3    | Identified the +5 scale mail of Death Resistance {Str+3}
 54946 | Elf:3    | Identified the blade talisman "Exuisaet" {rPois Str+4}
 54953 | Elf:3    | Identified the +5 spear of a ziggurat {freeze, Will+}
 54956 | Elf:3    | Identified the +1 cloak of Ciyrch {rF+}
 54987 | Elf:3    | Identified the +1 arbalest of Ozopaz {antimagic, rN+++}
 55334 | Elf:3    | Identified the +9 flail "Pougaup" {flame, Will+}
 55905 | Vaults:1 | Entered Level 1 of the Vaults
 56163 | Vaults:1 | Identified the of Derch (Sif Muna gifted it to you on
                  | level 1 of the Vaults)
 56163 | Vaults:1 | Received a gift from Sif Muna
 56254 | Vaults:1 | Found Lotorr's Book Shoppe.
 56449 | Vaults:1 | Found Peazuhe's General Store.
 56539 | Vaults:1 | Found Syblangy's Book Shop.
 56725 | Vaults:1 | Found Lyseiv's Distillery.
 56734 | Vaults:1 | Bought a potion of haste for 160 gold pieces
 56734 | Vaults:1 | Bought a potion of mutation for 128 gold pieces
 56734 | Vaults:1 | Bought a potion of resistance for 160 gold pieces
 56734 | Vaults:1 | Bought 2 potions of cancellation for 256 gold pieces
 56734 | Vaults:1 | Bought a potion of ambrosia for 128 gold pieces
 56978 | Vaults:1 | Found Guteiged's Assorted Antiques.
 57363 | Vaults:2 | Found Fiptasho's Assorted Antiques.
 57407 | Vaults:2 | Reached skill level 15 in Fire Magic
 57640 | Vaults:2 | Found Gozag's Antique Armour Shop.
 57641 | Vaults:2 | Found Gozag's Antique Weapon Boutique.
 57643 | Vaults:2 | Found an opulent altar of Gozag.
 57643 | Vaults:2 | Found Gozag's Antique Armour Shop.
 57668 | Vaults:2 | Bought an ichor-stained helmet for 950 gold pieces
 57668 | Vaults:2 | Identified the +0 helmet "Bophem" {rN+ Will- Int+2} (You
                  | bought it in a shop on level 2 of the Vaults)
 57703 | Vaults:2 | Reached XP level 22. HP: 174/174 MP: 7/39
 58105 | Vaults:2 | Reached skill level 15 in Fighting
 58256 | Vaults:2 | Identified the of Juahufitt (Sif Muna gifted it to you on
                  | level 2 of the Vaults)
 58256 | Vaults:2 | Received a gift from Sif Muna
 58369 | Vaults:2 | Acquired 905 gold pieces
 59209 | Vaults:3 | Found Waddixae's Book Shop.
 59575 | Vaults:3 | Found Ejestrufy's Assorted Antiques.
 59593 | Vaults:3 | Found Motoj's Distillery.
 59647 | Vaults:3 | Found a staircase to the Crypt.
 60499 | Vaults:4 | Identified the of Oklul (Sif Muna gifted it to you on
                  | level 4 of the Vaults)
 60499 | Vaults:4 | Received a gift from Sif Muna
 60564 | Vaults:4 | Reached XP level 23. HP: 119/181 MP: 14/40
 61267 | Vaults:5 | Entered Level 5 of the Vaults
 61271 | Vaults:5 | Identified the "Cygaf" (Sif Muna gifted it to you on level
                  | 5 of the Vaults)
 61271 | Vaults:5 | Identified the "Gubemm" (Sif Muna gifted it to you on
                  | level 5 of the Vaults)
 61271 | Vaults:5 | Received a gift from Sif Muna
 61701 | Vaults:5 | Identified the "Jiny" (Sif Muna gifted it to you on level
                  | 5 of the Vaults)
 61701 | Vaults:5 | Identified the "Abbe" (Sif Muna gifted it to you on level
                  | 5 of the Vaults)
 61701 | Vaults:5 | Identified the of Nosialau (Sif Muna gifted it to you on
                  | level 5 of the Vaults)
 61701 | Vaults:5 | Identified the of Faez (Sif Muna gifted it to you on level
                  | 5 of the Vaults)
 61701 | Vaults:5 | Received a gift from Sif Muna
 61745 | Vaults:5 | Reached XP level 24. HP: 195/195 MP: 27/40
 61796 | Vaults:5 | Found the +4 robe of Augmentation {Str+4 Int+4 Dex+4}
 61810 | Vaults:5 | Reached skill level 10 in Armour
 61810 | Vaults:5 | a shadow dragon changed into a caustic shrike
 61810 | Vaults:5 | Noticed a caustic shrike (glowing shapeshifter)
 61817 | Vaults:5 | a caustic shrike changed into an iron dragon
 61907 | Vaults:5 | Identified the +9 rapier of Sharp Purpose {heavy, rPois rF-
                  | Str+2}
 61973 | Vaults:5 | Identified the amulet of Gozag's Regard {Spirit rPois rC-
                  | rCorr}
 62156 | Vaults:5 | Noticed a caustic shrike
 62156 | Vaults:5 | a caustic shrike changed into an acid blob
 62158 | Vaults:5 | Noticed an ancient lich
 62171 | Vaults:5 | Killed an ancient lich
 62332 | Vaults:5 | Identified the +2 ring mail "Onkaf" {Stlth+}
 62336 | Vaults:5 | Identified the +0 falchion "Orb Guardian's Doom" {heavy,
                  | rPois rC+ Dex+4}
 62353 | Vaults:5 | Acquired 618 gold pieces
 62355 | Vaults:5 | Acquired the +2 helmet "Wyotoo" {rElec rF+ Str+5}
 62583 | Vaults:5 | Found Ilauc's General Store.
 62696 | Vaults:5 | Identified the +8 falchion of Hoohit {elec, *Slow +Blink
                  | rElec rPois}
 63134 | Vaults:5 | Identified the +3 dagger of Collusion {pain, Fragile rElec
                  | rCorr Str+5}
 63144 | Vaults:5 | Got a silver rune of Zot
 63290 | Vaults:2 | Bought the +5 Storm Queen's Shield {shock, Fly rElec} for
                  | 4560 gold pieces
 63290 | Vaults:2 | Found the +5 Storm Queen's Shield {shock, Fly rElec}
 63496 | Depths:1 | Entered Level 1 of the Depths
 63539 | Depths:1 | Found a one-way gateway to a ziggurat.
 63724 | Depths:1 | Received a gift from Sif Muna
 63916 | Depths:1 | Reached skill level 10 in Shields
 64273 | Depths:1 | Found a gateway to Hell.
 64281 | Depths:1 | Identified the ring of Ymaah {*Slow rPois Str+6 SInv}
 64381 | Depths:1 | Found a shimmering blue altar of Sif Muna.
 64822 | Depths:2 | Reached XP level 25. HP: 201/201 MP: 40/41
 65025 | Depths:2 | Received a gift from Sif Muna
 65093 | Depths:2 | Found a one-way gate leading to the halls of Pandemonium.
 65651 | Depths:3 | Noticed Parghit
 65653 | Depths:3 | Noticed the Enchantress
 65716 | Depths:3 | Killed Parghit
 65727 | Depths:3 | Killed the Enchantress
 66158 | Depths:3 | Noticed Mennas
 66163 | Depths:3 | Killed Mennas
 66255 | Depths:3 | Received a gift from Sif Muna
 66687 | Depths:3 | Found a one-way gate to the infinite horrors of the Abyss.
 66761 | Depths:4 | Entered Level 4 of the Depths
 66955 | Depths:4 | Found Piwnunep's Jewellery Shoppe.
 66958 | Depths:4 | Found Ceseg's Weapon Emporium.
 67027 | Depths:4 | Found Cugepir's Antique Weapon Shoppe.
 67244 | Depths:4 | Found a gate to the Realm of Zot.
 67299 | Depths:4 | Reached skill level 15 in Conjurations
 67667 | Depths:4 | Reached XP level 26. HP: 208/208 MP: 41/41
 67681 | Depths:4 | Found Juogiunoi's Antique Armour Shoppe.
 67794 | Depths:4 | Identified the of Hidoh (Sif Muna gifted it to you on
                  | level 4 of the Depths)
 67794 | Depths:4 | Identified the "Romov" (Sif Muna gifted it to you on level
                  | 4 of the Depths)
 67794 | Depths:4 | Identified the "Gisybledarr" (Sif Muna gifted it to you on
                  | level 4 of the Depths)
 67794 | Depths:4 | Received a gift from Sif Muna
 68483 | Zot:1    | Entered Level 1 of the Realm of Zot
 69032 | Zot:1    | Noticed an orb of fire
 69039 | Zot:1    | Killed an orb of fire
 69667 | Zot:1    | Noticed an orb of fire
 69771 | Zot:1    | Identified the +3 scale mail "Xery" {-Tele Rampage Regen+
                  | Dex+3}
 70185 | Zot:2    | Learned a level 7 spell: Orb of Destruction
 70199 | Zot:2    | Noticed a Killer Klown
 70205 | Zot:2    | Killed a Killer Klown
 70758 | Zot:3    | Noticed an orb of fire
 70768 | Zot:3    | Killed an orb of fire
 70802 | Zot:3    | Received a gift from Sif Muna
 71529 | Zot:3    | Identified the amulet "Utanuosso" {Spirit rF+ rC- rCorr
                  | Str+3}
 71695 | Zot:4    | Identified the "Tojonuf"
 71900 | Zot:4    | Noticed a Killer Klown
 71900 | Zot:4    | Noticed Fush's ghost (veteran DgGl)
 71901 | Zot:4    | Noticed a curse toe
 71911 | Zot:4    | Found a runed translucent gate.
 71911 | Zot:4    | Found a runed translucent gate.
 71911 | Zot:4    | Found a runed translucent gate.
 72088 | Zot:4    | Reached XP level 27. HP: 199/214 MP: 40/41
 72115 | Zot:4    | Learned a level 9 spell: Chain Lightning
 72227 | Zot:4    | Identified the +6 broad axe of Departure {spect, rN+ Dex+3
                  | Stlth+}
 72627 | Zot:5    | Entered Level 5 of the Realm of Zot
 72629 | Zot:5    | Noticed a Killer Klown
 72675 | Zot:5    | Killed a Killer Klown
 73067 | Zot:5    | Identified the "Ischoek" (Sif Muna gifted it to you on
                  | level 5 of the Realm of Zot)
 73067 | Zot:5    | Identified the of Lucs (Sif Muna gifted it to you on level
                  | 5 of the Realm of Zot)
 73067 | Zot:5    | Identified the of Jiosheczo (Sif Muna gifted it to you on
                  | level 5 of the Realm of Zot)
 73067 | Zot:5    | Identified the "Tuxzash" (Sif Muna gifted it to you on
                  | level 5 of the Realm of Zot)
 73067 | Zot:5    | Identified the "Tawn" (Sif Muna gifted it to you on level
                  | 5 of the Realm of Zot)
 73067 | Zot:5    | Received a gift from Sif Muna
 73106 | Zot:5    | Noticed an orb of fire
 73110 | Zot:5    | Killed an orb of fire
 73216 | Zot:5    | Noticed an orb of fire
 73221 | Zot:5    | Killed an orb of fire
 73251 | Zot:5    | Noticed an orb of fire
 73251 | Zot:5    | Gained mutation: You occasionally shout uncontrollably at
                  | your foes. [an orb of fire]
 73257 | Zot:5    | Killed an orb of fire
 73285 | Zot:5    | Noticed a Killer Klown
 73290 | Zot:5    | Killed a Killer Klown
 73293 | Zot:5    | Noticed an orb of fire
 73297 | Zot:5    | Killed an orb of fire
 73356 | Zot:5    | Noticed a dread lich
 73373 | Zot:5    | Killed a dread lich
 73447 | Zot:5    | Noticed an ancient lich
 73472 | Zot:5    | Killed an ancient lich
 73731 | Zot:5    | Noticed an ancient lich
 73731 | Zot:5    | Noticed a dread lich
 73848 | Zot:5    | Killed a dread lich
 73948 | Zot:5    | Killed an ancient lich
 74019 | Zot:5    | Noticed a dread lich
 74022 | Zot:5    | Killed a dread lich
 74104 | Zot:5    | Noticed a Killer Klown
 74116 | Zot:5    | Killed a Killer Klown
 74325 | Zot:5    | Noticed an ancient lich
 74331 | Zot:5    | Killed an ancient lich
 74392 | Zot:5    | Noticed an ancient lich
 74398 | Zot:5    | Killed an ancient lich
 74535 | Zot:5    | Noticed an orb of fire
 74536 | Zot:5    | Gained mutation: You are dopey. (Int -2) [an orb of fire]
 74538 | Zot:5    | Killed an orb of fire
 74541 | Zot:5    | Noticed an ancient lich
 74544 | Zot:5    | Identified the "Meqec" (Sif Muna gifted it to you on level
                  | 5 of the Realm of Zot)
 74544 | Zot:5    | Identified the "Naomuroch" (Sif Muna gifted it to you on
                  | level 5 of the Realm of Zot)
 74544 | Zot:5    | Identified the of Pes Ijyrgh (Sif Muna gifted it to you on
                  | level 5 of the Realm of Zot)
 74544 | Zot:5    | Received a gift from Sif Muna
 74547 | Zot:5    | Killed an ancient lich
 74622 | Zot:5    | Noticed a dread lich
 74625 | Zot:5    | Killed a dread lich
 74770 | Zot:5    | Got the Orb of Zot
 75164 | D:10     | Noticed Ceettouss the pandemonium lord
 75245 | D:7      | Noticed Ugguu the pandemonium lord
 75362 | D:1      | gg
 75363 | D:$      | Escaped with the Orb!

Illustrated notes

#÷.## #)#...##
#...####.#..###
#.............#
###..≈≈≈≈≈≈≈≈≈≈.#
##....≈........≈.#
######..≈≈.≈.≈≈.....≈.#
........≈..≈>.≈.....≈.#
#######.≈..≈≈.≈.≈≈..≈.#####
# #...≈.....≈.@≈..≈.#...# #
#.#.≈.....≈≈.≈.≈≈...#.# #
##...≈........≈....#...#
####....≈≈≈≈≈≈≈≈≈≈..####.##
....................# #.#
####...##...#.......# #.#
##.####..#.#..####
#.####### #.......#....#
#.......# ######..###..#
#######.#


Turn 75362 on D:1: gg

Levels and vault maps discovered:
D:1:      ebering_trefoil_twist, layout_loops_ring,
          shapermc_ecumenical_altar_rom_forum, minmay_misc_feat_five
D:2:      layout_loops_ring
D:3:      layout_loops_cross
D:4:      layout_loops_ring, mainiacjoe_overflow_brackets,
          minmay_temple_entry_poolview, uniq_crazy_yiuf_cottage
D:5:      layout_basic, grunt_temple_overflow_open, minivault_26,
          uniq_blork_the_orc, uniq_grinder
D:6:      layout_gridville, serial_shops, shop
D:7:      nicolae_cairo_tiling, layout_layer_cave, minmay_fire_ice_demons,
          uniq_jeremiah
D:8:      layout_gridville, enter_bailey_4, ebering_ghost_inner_flame
D:9:      layout_cave_pools, mainiacjoe_overflow_catwalk, amcnicky_altar_gilded
D:10:     layout_big_octagon, erik_lair_orcish_takeover, serial_gnoll_camp,
          gnoll_camp_mini_house, gnoll_camp_mini_hut, gnoll_camp_mini_house,
          gnoll_camp_medium_02, gnoll_camp_mini_hut, minmay_door_square,
          uniq_maurice
D:11:     layout_loops_corners
D:12:     layout_stronghold, david_orc_5, gauntlet_entry_generic,
          nicolae_uskayaw_murder_on_the_dancefloor
D:13:     layout_loops_ring, serial_shops, shop, minmay_quadrilaterals,
          uniq_josephine
D:14:     layout_small_grid, hellmonk_vaults_attempted_burglary,
          minmay_staircase_bubble, portal_ice_cave_entry_pillars_three
D:15:     grunt_enter_depths_snipers, layout_basic, okawaru_trees_2, uniq_nessos
Temple:   hellmonk_temple_divided_pantheon
Lair:1:   layout_chaotic_city, basic_altar
Lair:2:   layout_loops_ring, alex1729_swamp_entry_worm_eleionoma,
          gammafunk_ghost_grave, nicolae_quartered_pool_impasse,
          grunt_megastairs_4
Lair:3:   layout_cave_pods, hellmonk_spider_entry_not_the_bees,
          grunt_forest_stairs_basic, st_stairs_4, minivault_11,
          kennysheep_snail_temple
Lair:4:   layout_regular_city, serial_rivers, chequers_serial_rivers_micro_c,
          chequers_serial_rivers_marsh, chequers_serial_rivers_small_3,
          chequers_serial_rivers_large_b
Lair:5:   wormcave, layout_cellular_growth, hangedman_lair_in_review,
          slime_entry_2, uniq_kirke
Swamp:1:  layout_basic_swamp, nicolae_swamp_small_spring, swamp_pool4,
          nicolae_swamp_stuck_in_the_mud
Swamp:2:  layout_falls_marsh, evilmike_swamp_ruin_house_4
Swamp:3:  layout_falls_marsh, hangedman_swamp_blocks, swamp_pool1,
          nicolae_swamp_baby_hydras
Swamp:4:  swamp_pestilence, layout_basic_swamp
Spider:1: layout_spider_delve, nicolae_spider_moth_buddies
Spider:2: layout_chambers, beargit_elvish_explorers
Spider:3: layout_spider_delve
Spider:4: grunt_spider_rune_parallel, nicolae_spider_eight_legs
Orc:1:    layout_diamond_mine, basic_altar, uniq_erica
Orc:2:    pubby_orc_utopia
Elf:1:    nicolae_elf_arrival_fired_up, layout_loops_ring,
          minmay_elf_crystal_heptagon
Elf:2:    elven_hall_of_blades_hangedman_original [nicolae_blade_lattice],
          layout_onion_city, gammafunk_ghost_cemetery, minivault_19
Elf:3:    minmay_elf_hall_statues, layout_onion_city
Vaults:1: v_misc_8, nicolae_vaults_mini_display_case, ontoclasm_vaults_ligature,
          nicolae_vaults_trapezoid_1, nicolae_vaults_sesquioval_fish,
          nicolae_vaults_three_branches, v_pattern_2,
          nicolae_vaults_corpse_flower, vaults_dpeg_spiral,
          nicolae_vaults_house_1, layout_vaults_omnicross, serial_shops, shop,
          shop, shop, nicolae_shop_peninsula, shop
Vaults:2: nicolae_vaults_layer_cake_slice, nicolae_vaults_weapon_check,
          hangedman_vaults_hat, nicolae_vaults_closet_pinwheel_5,
          kennysheep_vaults_gozag_temple, v_alt_pattern_3,
          hangedman_vaults_restitches, nicolae_vaults_tetromino_T_1, v_misc_33,
          vaults_dpeg_doors, v_rooms_5, layout_vaults_maze_snakey, serial_shops,
          shop
Vaults:3: minmay_crypt_entry_simple_round, hangedman_vaults_cutoff,
          hangedman_vaults_impose, v_misc_10, nicolae_vaults_network_periphery,
          hangedman_vaults_maws, nicolae_vaults_little_squares_3,
          nicolae_vaults_sightless_eye, vaults_room_pool,
          layout_vaults_quadrants, serial_shops, shop,
          nicolae_shop_tiny_statue_garden, shop
Vaults:4: vaults_mumra_hexcomb, v_rooms_6, ontoclasm_vaults_ring_small,
          hangedman_vaults_pinch, nicolae_vaults_little_guard_posts,
          v_pattern_1, hangedman_vaults_nails, v_misc_33, vaults_dpeg_ring,
          vaults_room_large_hall, layout_vaults_omnibox, serial_glass
Vaults:5: serial_shops
Depths:1: layout_honeycomb, enter_ziggurat_f, lightli_too_deep,
          hangedman_decor_push, chequers_serial_rivers_small_a,
          chequers_serial_rivers_small_3, lemuel_blue_sif_altar,
          serial_bayou_shore_a
Depths:2: abrahamwl_protected_by_tso_1, layout_cave_pools, pf_coc_iceberg,
          pan_entry
Depths:3: minmay_the_grid_four_pointed_star_mashed
          [minmay_the_grid_triangle_9x9_from_above,
          minmay_the_grid_triangle_9x9_negative_grid,
          minmay_the_grid_triangle_9x9_zippers_horizontal,
          minmay_the_grid_triangle_9x9_wacky_v,
          minmay_the_grid_prize_trominoes], layout_gridlike,
          hangedman_abyss_or_decor_jellyfish_corner, hell_entry,
          minmay_room_of_horrors, uniq_parghit, uniq_mennas, uniq_enchantress
Depths:4: evilmike_zot_entry_diamond, layout_basic, abyss_entry, serial_shops,
          shop_statue, nicolae_tricolors, grunt_pan_entry_spiral, hell_entry,
          minmay_shop_star, kennysheep_random_hallway, uniq_josephina
Zot:1:    layout_gridville, nrook_zot_tub, grunt_megastairs_3
Zot:2:    layout_misc_corridors, grunt_megastairs_5
Zot:3:    layout_concentric_octagons
Zot:4:    layout_twisted_circle, gammafunk_ghost_split
Zot:5:    layout_misc_corridors

Skill      XL: |  1  2  3  4  5  6  7  8  9 10 11 12 13 14 15 16 17 18 19 20 21 22 23 24 25 26 27 |
---------------+----------------------------------------------------------------------------------+-----
Conjurations   | 2 5 6 8 10 15 19 22 | 22.4
Fighting       | 1 2 4 5 6 9 10 11 12 13 14 15 17 | 17.0
Air Magic      | 4 5 6 7 8 12 13 14 17 19 20 22 | 22.4
Spellcasting   | 3 4 5 6 8 9 10 11 12 13 14 | 14.0
Evocations     | 2 3 4 8 |  8.0
Ice Magic      | 1 5 6 |  6.0
Invocations    | 5 10 12 | 12.0
Dodging        | 4 5 6 8 10 12 | 12.0
Polearms       | 4 |  4.0
Shields        | 4 5 11 12 | 12.0
Armour         | 5 7 9 11 | 11.0
Fire Magic     | 3 10 11 15 17 | 17.0
Stealth        | |  2.0

Action                     |  1- 3 |  4- 6 |  7- 9 | 10-12 | 13-15 | 16-18 | 19-21 | 22-24 | 25-27 || total
---------------------------+-------+-------+-------+-------+-------+-------+-------+-------+-------++-------
  Melee: Dagger            |     4 |       |     3 |       |       |       |       |       |       ||     7
         Spear             |       |       |    21 |    42 |       |       |       |       |       ||    63
         Trident           |       |       |       |    77 |   172 |   236 |    21 |       |       ||   506
         Punch             |       |       |       |       |     1 |     1 |       |       |       ||     2
         Staff             |       |       |       |       |       |       |    30 |    29 |    12 ||    71
   Fire: Longbow           |       |       |       |       |   359 |   157 |       |       |       ||   516
  Throw: Dart              |       |       |       |     1 |       |       |       |       |       ||     1
   Cast: Shock             |    65 |   131 |   127 |   137 |    21 |     1 |       |       |       ||   482
         Swiftness         |       |     2 |     1 |     2 |     2 |     1 |       |       |       ||     8
         Airstrike         |       |       |    47 |   179 |    93 |   290 |   410 |     2 |     3 ||  1024
         Freezing Cloud    |       |       |       |    23 |    26 |    32 |     9 |     3 |     5 ||    98
         Summon Lightning  |       |       |       |    11 |    43 |     3 |       |       |       ||    57
         Ozocubu's Armour  |       |       |       |     3 |    35 |     8 |     1 |     1 |       ||    48
         Arcjolt           |       |       |       |       |   129 |   236 |    22 |    17 |    11 ||   415
         Maxwell's Capacit |       |       |       |       |       |    67 |    24 |    11 |    43 ||   145
         Summon Horrible T |       |       |       |       |       |     1 |       |       |       ||     1
         Plasma Beam       |       |       |       |       |       |       |   289 |   507 |   659 ||  1455
         Orb of Destructio |       |       |       |       |       |       |       |       |    18 ||    18
         Chain Lightning   |       |       |       |       |       |       |       |       |     1 ||     1
 Invoke: Divine Exegesis   |       |       |       |       |       |     1 |       |       |     1 ||     2
         Channel Magic     |       |       |       |       |       |     2 |       |     6 |     1 ||     9
  Evoke: Wand              |       |     1 |     4 |    11 |    16 |    10 |     3 |       |     3 ||    48
         Sack of spiders   |       |       |       |       |       |       |     1 |       |       ||     1
    Use: Scroll            |       |     6 |     4 |     5 |    16 |     6 |     1 |     7 |     7 ||    52
         Potion            |       |     1 |       |     4 |     4 |     7 |     1 |     6 |     2 ||    25
   Stab: Distracted        |       |       |       |     1 |     3 |       |       |       |       ||     4
         Sleeping          |       |       |       |       |       |     1 |       |       |       ||     1
 Armour: Robe              |    10 |    13 |    39 |    25 |       |       |       |       |       ||    87
         Skin              |       |     6 |     4 |       |     4 |    40 |       |       |       ||    54
         Steam dragon scal |       |       |       |   139 |   473 |       |       |       |       ||   612
         Troll leather arm |       |       |       |       |   109 |   712 |   330 |   159 |    39 ||  1349
         Leather armour    |       |       |       |       |       |    85 |       |       |       ||    85
         Acid dragon scale |       |       |       |       |       |       |       |       |   168 ||   168
  Dodge: Dodged            |    11 |    18 |    45 |   146 |   423 |   552 |   160 |   107 |    95 ||  1557
  Block: Buckler           |       |       |       |       |       |    70 |    52 |    26 |       ||   148
         Kite shield       |       |       |       |       |       |       |       |    27 |   113 ||   140

Table legend: (Time is in decaauts)
 A = Elapsed time spent in this place.
 B = Non-inter-level travel time spent in this place.
 C = Inter-level travel time spent in this place.
 D = Time resting spent in this place.
 E = Time spent auto-exploring this place.
 F = Levels seen in this place.
 G = Mean time per level.
                   A        B        C        D        E       F      G
               +--------+--------+--------+--------+--------+-----+--------+
         Total |  76232 |  71656 |   4576 |  25475 |  31340 |  51 | 1494.7 |
       Dungeon |  23066 |  21394 |   1672 |   7272 |  10605 |  15 | 1537.7 |
        Temple |     40 |     23 |     17 |      0 |      0 |   1 |   40.0 |
          Lair |  13502 |  12849 |    653 |   6807 |   3782 |   5 | 2700.4 |
         Swamp |   3221 |   3004 |    217 |    614 |   1688 |   4 |  805.2 |
   Spider Nest |   6217 |   5805 |    412 |   1733 |   2908 |   4 | 1554.2 |
  Orcish Mines |   3005 |   2716 |    289 |    971 |    986 |   2 | 1502.5 |
   Elven Halls |   3795 |   3676 |    119 |   1135 |   1610 |   3 | 1265.0 |
        Vaults |   7654 |   7168 |    486 |   1641 |   3938 |   5 | 1530.8 |
        Depths |   4732 |   4258 |    474 |    839 |   2476 |   4 | 1183.0 |
           Zot |   6387 |   6153 |    234 |   1822 |   2499 |   5 | 1277.4 |
        Bailey |    846 |    846 |      0 |    454 |    191 |   1 |  846.0 |
      Ice Cave |   3277 |   3277 |      0 |   2037 |    524 |   1 | 3277.0 |
      Gauntlet |    485 |    485 |      0 |    149 |    132 |   1 |  485.0 |
               +--------+--------+--------+--------+--------+-----+--------+

Top non-repeatable levels by time:
  Lair:5: 4151 daAuts
   IceCv: 3277 daAuts
  Lair:2: 3039 daAuts
  Lair:3: 3001 daAuts
     D:4: 2615 daAuts
    D:15: 2601 daAuts
   Orc:2: 2509 daAuts
     D:7: 2170 daAuts
   Zot:5: 2030 daAuts
Vaults:5: 1940 daAuts
    D:10: 1856 daAuts
     D:8: 1775 daAuts
  Lair:1: 1762 daAuts
   Zot:1: 1669 daAuts
Spider:2: 1615 daAuts
